 Dungeon Crawl Stone Soup version 0.29-a0-512-gf59ac788ac (webtiles) character file.

Game seed: 18342147137655592569

212 xian the Conjurer (level 5, 0/40 HPs)
             Began as a Draconian Conjurer on May 30, 2022.
             Was an Initiate of Gozag.
             Killed from afar by an orc wizard (4 damage)
             ... with a magic dart
             ... on level 4 of the Dungeon.
             The game lasted 00:08:04 (4046 turns).

xian the Conjurer (Draconian Conjurer)              Turns: 4046, Time: 00:08:06

Health: 0/40       AC:  5    Str: 10    XL:     5   Next: 58%
Magic:  9/9        EV: 12    Int: 20    God:    Gozag
Gold:   187        SH:  0    Dex: 11    Spells: 6/9 levels left

rFire   . . .      SeeInvis .   g - +1 dagger (venom)
rCold   . . .      Faith    .   (no shield)
rNeg    . . .      Spirit   .   (body armour unavailable)
rPois   +          Reflect  .   (helmet restricted)
rElec   .          Harm     .   (no cloak)
rCorr   +          Rampage  .   (no gloves)
Will    .....                   (no boots)
Stlth   ++........              (no amulet)
HPRegen 0.13/turn               j - ring of resist corrosion
MPRegen 0.11/turn               (no ring)

@: brilliant, lethally poisoned (0 -> -4), gold aura
A: AC +5, unfitting armour, cold-blooded, agile 1, poison resistance
a: Renounce Religion, Potion Petition, Call Merchant, Bribe Branch


You were on level 4 of the Dungeon.
You worshipped Gozag.
Gozag was aware of your devotion.
You visited 2 branches of the dungeon, and saw 7 of its levels.

You collected 263 gold pieces.
You spent 11 gold pieces at shops.
You paid 65 gold pieces to Gozag.

Inventory:

Hand Weapons
 g - a +1 dagger of venom (weapon)
Missiles
 m - 6 poisoned darts
Armour
 r - a +0 tower shield
Jewellery
 j - a ring of resist corrosion (left hand)
Wands
 s - a wand of iceblast (9)
Scrolls
 c - a scroll of blinking {unknown}
 e - 2 scrolls of amnesia
 i - 2 scrolls of fog {unknown}
 k - a scroll of teleportation {unknown}
 l - 2 scrolls of magic mapping {unknown}
 n - 2 scrolls of identify {unknown}
 o - a scroll of fear {unknown}
 p - a scroll of noise {unknown}
 q - a scroll of vulnerability {unknown}
 t - a scroll of enchant armour {unknown}
Potions
 a - a potion of magic
 b - a potion of mutation


   Skills:
 + Level 1.2 Fighting
 + Level 1.3 Short Blades
 + Level 2.5 Dodging
 + Level 2.6 Stealth
 + Level 0.4 Shields
 + Level 2.8 Spellcasting
 + Level 5.2 Conjurations


You had 6 spell levels left.
You knew the following spells:

 Your Spells              Type           Power      Damage    Failure   Level
a - Magic Dart            Conj           100%       1d8       1%          1
b - Searing Ray           Conj           70%        2d7       2%          2

Your spell library contained the following spells:

 Spells                   Type           Power      Damage    Failure   Level
 Apportation              Tloc           8%         N/A       14%         1
 Necrotize                Necr           16%        1d4       14%         1
 Summon Small Mammal      Summ           16%        N/A       14%         1
 Dazzling Flash           Conj/Hex       40%        N/A       14%         3
 Blink                    Tloc           8%         N/A       22%         2
 Lesser Beckoning         Tloc           4%         N/A       41%         3
 Fulminant Prism          Conj/Hex       10%        3d9       43%         4
 Iskenderun's Mystic Bla  Conj/Tloc      20%        2d6       43%         4
 Manifold Assault         Tloc           4%         N/A       99%         5
 Starburst                Conj/Fire      10%        6d5       100%        6


Dungeon Overview and Level Annotations

Branches:
Dungeon (6/15)             Temple (1/1) D:4

Altars:
Cheibriados
Gozag
Kikubaaqudgha
Ru
Trog
Uskayaw
Xom
Yredelemnul
Zin

Shops:
D:1 *


Innate Abilities, Weirdness & Mutations

Your plain brown scales are hard. (AC +5)
You cannot fit into any form of body armour.
You are cold-blooded and may be slowed by cold attacks.
You are agile. (Dex +2)
Your system is resistant to poisons. (rPois)


Message History

You feel invigorated.
You feel sick. Something hits you but does no damage.
The orc hits you with a +0 club.
* * * LOW HITPOINT WARNING * * *
It was a potion of curing.
You feel better.
You feel less invigorated. Something hits you.
You are poisoned.
The orc hits you with a +0 club.
It was a potion of brilliance.
You feel clever all of a sudden.
You feel sick.
You hear some strange, mumbled words.
A magic dart appears from out of thin air!
The magic dart hits you.
* * * LOW HITPOINT WARNING * * *
The orc hits you with a +0 club.
* * * LOW HITPOINT WARNING * * *
Unknown command.
Unknown command.
As you read the scroll labelled EMYKHU ELOFA, it crumbles to dust.
It is a scroll of amnesia.
Really abort (and waste the scroll)? [Y]es or [N]o only, please.
Really abort (and waste the scroll)? [Y]es or [N]o only, please.
Really abort (and waste the scroll)? [Y]es or [N]o only, please.
Really abort (and waste the scroll)? [Y]es or [N]o only, please.
Really abort (and waste the scroll)? [Y]es or [N]o only, please.
Really abort (and waste the scroll)?
Really abort (and waste the scroll)?
Okay, then.
* * * LOW HITPOINT WARNING * * *
You feel sick.
You hear some strange, mumbled words.
A magic dart appears from out of thin air!
The magic dart hits you.
You die...
Your body crumbles into a pile of gold.

.....#### #.#........._....#.#
........# #.#.#.###..P.P.#...#
........+ ...............###.#
........###.#.#.###.#...## #.#
........#.#.#.#.........# #.#
..........#.#.#..##.##..# #.#
.....[...o..#.#..##.....# #.#
..........###{#..#####.#####.#
#.######....o@#..............#
. #..#####..#####..####.#
#.....##..# ##..####..
#.....###.# #.........
.#####.#...###.#####....##..
.......'...+.......+........
.#######...###.#####........
+.........###.# #........#<
###.#.........###.#..#.#.##


You could see an orc (poisoned).

Vanquished Creatures
  A hound (D:4)
  An orc priest (D:4)
  Ijyb (D:4)
  6 adders
  A worm (D:4)
  A dart slug (D:2)
  2 orcs (D:4)
  6 ball pythons
  2 bats
  4 endoplasms
  2 giant cockroaches
  6 goblins
  6 hobgoblins
  13 jackals
  A quokka (D:3)
  A frilled lizard (D:2)
  3 kobolds
  5 rats
62 creatures vanquished.

Notes
Turn   | Place    | Note
-------+----------+-------------------------------------------
     0 | D:1      | xian the Draconian Conjurer began the quest for the Orb.
     0 | D:1      | Reached XP level 1. HP: 14/14 MP: 3/3
   214 | D:1      | Found Duolusi's General Store.
   243 | D:1      | Bought a potion of degeneration for 11 gold pieces
   407 | D:1      | Reached XP level 2. HP: 20/20 MP: 1/5
  1097 | D:1      | Found a faded altar of an unknown god.
  1628 | D:2      | Reached XP level 3. HP: 25/26 MP: 1/6
  2708 | D:3      | Reached XP level 4. HP: 33/33 MP: 5/7
  2856 | D:3      | Reached skill level 5 in Conjurations
  3151 | D:4      | Found a staircase to the Ecumenical Temple.
  3159 | Temple   | Entered the Ecumenical Temple
  3171 | Temple   | Became a worshipper of Gozag Ym Sagoz the Greedy
  3215 | D:4      | You fall into a shaft and drop 2 floors!
  3257 | D:5      | Entered Level 5 of the Dungeon
  3313 | D:4      | Learned a level 2 spell: Searing Ray
  3411 | D:4      | Found a basalt altar of Yredelemnul.
  3629 | D:4      | Noticed Ijyb
  3637 | D:4      | Gained mutation: You are occasionally teleported next to
                  | monsters. [potion of mutation]
  3637 | D:4      | Gained mutation: You are dopey. (Int -2) [potion of
                  | mutation]
  3637 | D:4      | Gained mutation: You have sharp toenails. [potion of
                  | mutation]
  3641 | D:4      | Killed Ijyb
  3642 | D:4      | Reached skill level 1 in Short Blades
  3642 | D:4      | Reached XP level 5. HP: 18/39 MP: 1/8
  3646 | D:4      | Reached skill level 1 in Fighting
  3652 | D:4      | Lost mutation: You have sharp toenails. [potion of
                  | mutation]
  3652 | D:4      | Lost mutation: You are dopey. (Int -2) [potion of mutation]
  3652 | D:4      | Lost mutation: You are occasionally teleported next to
                  | monsters. [potion of mutation]
  3652 | D:4      | Gained mutation: You are agile. (Dex +2) [potion of
                  | mutation]
  3652 | D:4      | Gained mutation: Your system is resistant to poisons.
                  | (rPois) [potion of mutation]
  4046 | D:4      | Killed from afar by an orc wizard

Illustrated notes

Levels and vault maps discovered:
D:1:      matt_arrival_los_fun, layout_loops_corners,
          shapermc_ecumenical_altar_mp_vishouse, serial_shops,
          nicolae_shop_crystal, minmay_tetromino_s2
D:2:      layout_basic, kennysheep_decorative_pillar
D:3:      layout_rooms, kennysheep_another_room, grunt_ministairs_9,
          amcnicky_mini_corridor_feature, kennysheep_generic_room_14
D:4:      layout_basic, yredelemnul_altar_generic,
          minmay_temple_entry_gardened_gates, kennysheep_small_square, uniq_ijyb
D:5:      cheibrodos_fzero, layout_loops_ring, uniq_duvessa,
          uniq_crazy_yiuf_cottage
D:6:      layout_gridville, gammafunk_ghost_hive, chequers_serial_rivers_micro_b
Temple:   regret_index_temple_chain_breaker

Skill      XL: |  1  2  3  4  5 |
---------------+----------------+-----
Stealth        | 2 |  2.6
Dodging        | 2 |  2.5
Conjurations   | 5 |  5.2
Short Blades   | 1 |  1.3
Fighting       | 1 |  1.2
Shields        | |  0.4
Spellcasting   | |  2.8

Action                   |  1- 3 |  4- 6 || total
-------------------------+-------+-------++-------
Melee: Dagger            |    51 |    36 ||    87
       Tailslap          |     5 |     2 ||     7
       Kick              |       |     2 ||     2
 Cast: Magic Dart        |    51 |    31 ||    82
       Searing Ray       |       |     3 ||     3
  Use: Potion            |       |     5 ||     5
       Scroll            |       |     1 ||     1
Armor: Skin              |    18 |    14 ||    32
Dodge: Dodged            |    45 |    17 ||    62
Block: Tower shield      |       |    11 ||    11

Table legend: (Time is in decaauts)
 A = Elapsed time spent in this place.
 B = Non-inter-level travel time spent in this place.
 C = Inter-level travel time spent in this place.
 D = Time resting spent in this place.
 E = Time spent auto-exploring this place.
 F = Levels seen in this place.
 G = Mean time per level.
                   A        B        C        D        E       F      G
               +--------+--------+--------+--------+--------+-----+--------+
         Total |   4047 |   3917 |    130 |      0 |   3337 |   7 |  578.1 |
       Dungeon |   4016 |   3899 |    117 |      0 |   3332 |   6 |  669.3 |
        Temple |     30 |     17 |     13 |      0 |      5 |   1 |   30.0 |
               +--------+--------+--------+--------+--------+-----+--------+

Top non-repeatable levels by time:
     D:1: 1282 daAuts
     D:2: 1211 daAuts
     D:4: 823 daAuts
     D:3: 642 daAuts
     D:6: 41 daAuts
  Temple: 30 daAuts
     D:5: 15 daAuts
